 Dungeon Crawl Stone Soup version 0.28.0-45-g0d030f2227 (webtiles) character file.

Game seed: 13761828024184852572

1129 jimbutter the Cleaver (level 8, 0/71 HPs)
             Began as a Minotaur Berserker on Apr 19, 2022.
             Was a Believer of Trog.
             Succumbed to a scorpion's poison
             ... on level 5 of the Dungeon.
             The game lasted 00:09:58 (4985 turns).

jimbutter the Cleaver (Minotaur Berserker)          Turns: 4985, Time: 00:09:58

Health: 0/71       AC:  9    Str: 27    XL:     8   Next: 13%
Magic:  7/7        EV: 11    Int:  4    God:    Trog [**....]
Gold:   219        SH:  0    Dex: 10    Spells: 7/7 levels left

rFire   . . .      SeeInvis +   a - +1 hand axe (freeze)
rCold   . . .      Faith    .   (no shield)
rNeg    . . .      Spirit   .   u - +2 ring mail of Dawn {-Tele Str+3 Stlth+}
rPois   .          Reflect  .   (helmet restricted)
rElec   .          Harm     .   (no cloak)
rCorr   .          Rampage  .   t - +0 pair of gloves
Will    ++...      NoTele   +   (no boots)
Stlth   +.........              (no amulet)
HPRegen 1.21/turn               m - ring of see invisible
MPRegen 0.10/turn               (no ring)

@: lethally poisoned (0 -> -17), strong-willed, on berserk cooldown,
regenerating, slowed, very slow
A: horns 2, retaliatory headbutt
a: Renounce Religion, Berserk, Trog's Hand


You were on level 5 of the Dungeon.
You worshipped Trog.
Trog was pleased with you.
You visited 1 branch of the dungeon, and saw 5 of its levels.

You collected 219 gold pieces.

Inventory:

Hand Weapons
 a - a +1 hand axe of freezing (weapon)
Missiles
 d - 38 sling bullets
 e - 3 poisoned darts (quivered)
 g - 119 stones
Armour
 b - a +1 crystal plate armour
 l - a +4 scale mail
 t - a +0 pair of gloves (worn)
 u - the +2 ring mail of Dawn (worn) {-Tele Str+3 Stlth+}
   (You found it on level 4 of the Dungeon)

   Str:       It affects your strength (+3).
   -Tele:     It prevents most forms of teleportation.
   Stlth:     It makes you more stealthy.
Jewellery
 m - a ring of see invisible (left hand)
 s - a ring of fire
 v - a ring of fire
 z - a ring of flight
Wands
 x - a wand of digging (7)
Scrolls
 c - a scroll of vulnerability {unknown}
 f - 2 scrolls of fear {unknown}
 h - 2 scrolls of identify {unknown}
 i - a scroll of brand weapon {unknown}
 n - 2 scrolls of noise {unknown}
 o - a scroll of torment {unknown}
 r - a scroll of enchant armour
 y - a scroll of immolation {unknown}
Potions
 j - a potion of might {unknown}
 k - a potion of heal wounds {unknown}
 p - a potion of degeneration {unknown}
 q - 2 potions of attraction {unknown}
 w - a potion of mutation {unknown}


   Skills:
 + Level 6.8 Fighting
 * Level 9.0 Axes
 + Level 6.0 Armour
 - Level 2.5 Dodging


You had 7 spell levels left.
You didn't know any spells.
Your spell library was empty.

Dungeon Overview and Level Annotations

Branches:
Dungeon (5/15)
 Temple: D:4-7

Altars:
Elyvilon
Xom
Zin
The Shining One

Portals:
Abyss: D:3

Annotations:
D:3 2 transporters, qwertyui's ghost, amateur GrFi


Innate Abilities, Weirdness & Mutations

You have a pair of horns on your head.
You reflexively headbutt those who attack you in melee.


Message History

Your Axes skill increases to level 9!
Your Armour skill increases to level 6!
You see here a wyvern corpse.
A scorpion comes into view.
You feel a strong urge to attack something.
You feel your anger nearly subside.
You are no longer berserk.
You are exhausted.
You feel yourself slow down.
The scorpion stings you but does no damage.
Things that are here:
a +0 spear; a gnoll corpse The scorpion misses you.
You barely miss the scorpion. The scorpion completely misses you.
You hit the scorpion but do no damage.
You headbutt the scorpion, but do no damage.
The scorpion stings you but does no damage.
The scorpion stings you.
* * * LOW HITPOINT WARNING * * *
You are poisoned.
The scorpion poisons you!
Okay, then.
As you read the scroll labelled NIMISACIUTT, it crumbles to dust.
It is a scroll of enchant armour.
Your +0 crystal plate armour glows green for a moment.
You feel very sick. The scorpion stings you.
* * * LOW HITPOINT WARNING * * *
You are lethally poisoned!
The scorpion poisons you! The scorpion closely misses you.
You hit the scorpion but do no damage. Your headbutt misses the scorpion.
* * * LOW HITPOINT WARNING * * *
You feel extremely sick. The scorpion stings you.
* * * LOW HITPOINT WARNING * * *
The scorpion stings you.
* * * LOW HITPOINT WARNING * * *
You are more poisoned.
The scorpion poisons you!
Your skin crawls.
You feel strong-willed.
You die...

#..#### ###..####
+........ #########
#...... #.# #.#...#
#.# #.#...#
########### #.#
#.#.... #.#...#.#@#
#.# #.#..##
#.†#..#s## #.#
#.#.... #).###.)#)#
#.# #.##.## #..##
##..####.# #.#....
#..#
##..#...######.#..##
#..
##...#........#..#
#..
#..######........#
## #..## #####.#.##
#..# #.#.###


You could see a scorpion.

Vanquished Creatures
  A wyvern (D:5)
  Eustachio (D:5)
  A sky beast (D:3)
  2 centaurs (D:5)
  A phantom (D:4)
  A water moccasin zombie (D:5)
  3 orc priests (D:4)
  A gnoll shaman (D:5)
  A jelly (D:5)
  3 iguanas (D:5)
  Robin (D:3)
  9 gnolls
  5 adders
  A white imp (D:5)
  2 worms (D:3)
  2 dart slugs (D:2)
  7 orcs
  4 endoplasms
  3 giant cockroaches
  11 hobgoblins
  3 jackals (D:5)
  2 quokkas
  5 ball pythons
  6 bats
  3 frilled lizards
  15 goblins
  8 kobolds
  7 rats
109 creatures vanquished.

Vanquished Creatures (others)
  A plant (D:1)
1 creature vanquished.

Grand Total: 110 creatures vanquished

Notes
Turn   | Place    | Note
-------+----------+-------------------------------------------
     0 | D:1      | jimbutter the Minotaur Berserker began the quest for the
                  | Orb.
     0 | D:1      | Reached XP level 1. HP: 19/19 MP: 0/0
   532 | D:1      | Reached skill level 4 in Axes
   532 | D:1      | Reached XP level 2. HP: 27/27 MP: 1/1
   772 | D:1      | Found a faded altar of an unknown god.
  1424 | D:2      | Reached XP level 3. HP: 33/33 MP: 2/2
  1428 | D:2      | Found a shimmering altar of Xom.
  1832 | D:2      | Reached ** piety under Trog
  1844 | D:2      | Reached skill level 5 in Axes
  1844 | D:2      | Reached XP level 4. HP: 41/41 MP: 3/3
  2546 | D:3      | Found a one-way gate to the infinite horrors of the Abyss.
  2546 | D:3      | Noticed qwertyui's ghost (amateur GrFi)
  2550 | D:3      | Noticed a small abomination
  2623 | D:3      | Noticed a sky beast
  2645 | D:3      | Killed a sky beast
  2646 | D:3      | Reached skill level 6 in Axes
  2646 | D:3      | Reached XP level 5. HP: 47/47 MP: 4/4
  2776 | D:3      | Found a transporter.
  2781 | D:3      | Noticed a small abomination
  2829 | D:3      | Noticed Robin
  2842 | D:3      | Killed Robin
  2845 | D:3      | Reached skill level 5 in Fighting
  2947 | D:3      | Found a transporter.
  3277 | D:4      | Reached XP level 6. HP: 56/56 MP: 5/5
  3568 | D:4      | Reached skill level 7 in Axes
  3811 | D:4      | Identified the +2 ring mail of Dawn {-Tele Str+3 Stlth+}
  4070 | D:5      | Entered Level 5 of the Dungeon
  4109 | D:5      | Noticed Eustachio
  4133 | D:5      | Reached XP level 7. HP: 44/62 MP: 6/6
  4240 | D:5      | Killed Eustachio
  4241 | D:5      | Reached skill level 5 in Armour
  4297 | D:5      | Reached skill level 8 in Axes
  4377 | D:5      | Found a glowing silver altar of Zin.
  4377 | D:5      | Found a white marble altar of Elyvilon.
  4377 | D:5      | Found a glowing golden altar of the Shining One.
  4963 | D:5      | Noticed a wyvern
  4969 | D:5      | Killed a wyvern
  4970 | D:5      | Reached XP level 8. HP: 32/71 MP: 7/7
  4974 | D:5      | Reached skill level 9 in Axes
  4985 | D:5      | Succumbed to a scorpion's poison

Illustrated notes

Levels and vault maps discovered:
D:1:      roderic_octagonal_star, layout_basic, ebering_ecumenical_altar_mist,
          serial_forest, infiniplex_forest_straight_2,
          infiniplex_forest_end_double, infiniplex_forest_clump_cross,
          infiniplex_forest_fountain, infiniplex_forest_clump_tiny,
          infiniplex_forest_end_2, infiniplex_forest_lined_2,
          infiniplex_forest_straight_4, nrook_campfire, minmay_split_cup_large
D:2:      layout_basic, basic_altar
D:3:      layout_basic, gammafunk_ghost_abyssal_escape, grunt_decor_cap,
          chequers_serial_rivers_micro_c, minmay_misc_feat_tower, uniq_robin
D:4:      layout_loops_ring
D:5:      minmay_diamond_boxcup, layout_basic, good_gods_mini_temple,
          nicolae_inconvenience_store, uniq_eustachio

Skill      XL: |  1  2  3  4  5  6  7  8 |
---------------+-------------------------+-----
Axes           | 4 5 6 7 8 9 |  9.0
Fighting       | 4 5 6 |  6.8
Armour         | 3 4 5 6 |  6.0
Dodging        | |  2.5

Action                   |  1- 3 |  4- 6 |  7- 9 || total
-------------------------+-------+-------+-------++-------
Melee: Hand axe          |    85 |   106 |    64 ||   255
       Headbutt          |    14 |    17 |    16 ||    47
       Punch             |       |     1 |       ||     1
Invok: Berserk           |     2 |     3 |     3 ||     8
       Trog's Hand       |       |     1 |     1 ||     2
  Use: Scroll            |       |       |     1 ||     1
 Stab: Sleeping          |       |       |     4 ||     4
Armor: Animal skin       |     7 |       |       ||     7
       Chain mail        |    23 |       |       ||    23
       Scale mail        |     7 |    35 |       ||    42
       Ring mail         |       |     3 |    13 ||    16
Dodge: Dodged            |    47 |    43 |    27 ||   117
